 Dungeon Crawl Stone Soup version 0.19.5 (webtiles) character file.

88546 galech the Brawler (level 15, -6/133 HPs)
             Began as a Troll Fighter on Mar 20, 2017.
             Was the Champion of Okawaru.
             Mangled by a demonic crawler (10 damage)
             ... on level 1 of the Spider Nest.
             The game lasted 00:57:43 (20854 turns).

galech the Brawler (Troll Fighter)                 Turns: 20854, Time: 00:57:44

Health: -6/133     AC: -1    Str: 41    XL:     15   Next: 46%
Magic:  15/15      EV:  7    Int:  4    God:    Okawaru [******]
Gold:   3172       SH:  0    Dex: 14    Spells: 0 memorised, 14 levels left

rFire  + + +     SeeInvis .       - Unarmed
rCold  . . .     Gourm    +     G - +0 fire dragon scales
rNeg   . . .     Faith    .     s - +1 large shield
rPois  +         Spirit   .     I - +1 hat
rElec  .         Reflect  .     N - +0 cloak
rCorr  .         Harm     .     (gloves unavailable)
MR     +....                    (boots unavailable)
Stlth  +.........               Y - amulet of regeneration
                                b - ring of Feseuq {*Corrode rPois rF+ Str+6 Stlth-}
                                x - ring of the Will of the Gods {*Slow rPois rC+ Str+2 Dex+5 Stlth+}

@: corroded, very slightly contaminated, held
A: unfitting armour, claws 3, horns 1, fast metabolism 3, gourmand, regeneration
1, shaggy fur 1, tough skin 2
a: Heroism, Finesse, Renounce Religion


You were on level 1 of the Spider Nest.
You worshipped Okawaru.
Okawaru was exalted by your worship.
You were completely stuffed.

You visited 4 branches of the dungeon, and saw 21 of its levels.
You also visited: Sewer, Ossuary, Bailey, Ice Cave and Volcano.

You collected 3365 gold pieces.
You spent 193 gold pieces at shops.

Inventory:

Armour
 s - a +1 large shield (worn)
 C - the +2 robe "Leangoum" {rElec}
   (You found it on level 1 of the Lair of Beasts)

   It insulates you from electricity.
 F - a +2 robe of resistance
 G - +0 fire dragon scales (worn)
 I - a +1 hat (worn)
 K - a +0 robe of fire resistance
 N - a +0 cloak (worn)
Jewellery
 b - the ring of Feseuq (right claw) {*Corrode rPois rF+ Str+6 Stlth-}
   (You found it on level 4 of the Dungeon)

   [ring of loudness]

   It affects your strength (+6).
   It protects you from fire.
   It protects you from poison.
   It may corrode you when you take damage.
   It makes you less stealthy.
 x - the ring of the Will of the Gods (left claw) {*Slow rPois rC+ Str+2 Dex+5 Stlth+}
   (You found it on level 5 of the Dungeon)

   [ring of protection from cold]

   It affects your strength (+2).
   It affects your dexterity (+5).
   It protects you from cold.
   It protects you from poison.
   It may slow you when you take damage.
   It makes you more stealthy.
 z - a +4 ring of evasion
 A - an uncursed amulet of rage
 M - an uncursed ring of protection from fire
 Q - an uncursed ring of protection from cold
 Y - an amulet of regeneration (around neck)
Wands
 r - a wand of digging (11/24)
 t - a wand of lightning (5/15)
 Z - a wand of slowing (28/48)
Scrolls
 a - 2 scrolls of fear
 h - 6 scrolls of amnesia
 m - 3 scrolls of enchant armour
 n - a scroll of silence
 o - 11 scrolls of remove curse
 y - 5 scrolls of fog
 D - 4 scrolls of recharging
 J - 6 scrolls of identify
Potions
 c - 3 potions of magic
 e - 3 potions of ambrosia
 f - 3 potions of flight
 g - a potion of experience {unknown}
 i - 3 potions of cancellation
 p - 5 potions of haste
 u - 2 potions of heal wounds
 v - 7 potions of curing
 w - 5 potions of might
 B - 4 potions of agility
 L - 2 potions of mutation
 S - a potion of berserk rage
 T - a potion of brilliance
 X - a potion of resistance
Comestibles
 d - 14 bread rations
 j - 6 chunks of flesh
 k - 6 beef jerkies
 l - 11 meat rations
 E - 3 royal jellies
 P - 55 fruits
 R - 3 slices of pizza


   Skills:
 + Level 5.4 Fighting
 + Level 4.5 Armour
 + Level 9.6 Dodging
 + Level 3.3 Stealth
 + Level 13.1 Shields
 + Level 17.3 Unarmed Combat
 + Level 1.6 Invocations
 + Level 0.1 Evocations


You had 14 spell levels left.
You didn't know any spells.

Dungeon Overview and Level Annotations

Branches:
Dungeon (12/15)            Temple (0/1) D:7            Lair (6/6) D:11
  Swamp (0/4) Lair:3       Spider (1/4) Lair:2        Slime (0/5) Lair:6
    Orc (2/2) D:12            Elf (0/3) Orc:2

Altars:
Dithmenos
Elyvilon
Fedhas
Gozag
Hepliaklqana
Nemelex Xobeh
Okawaru
Trog
Vehumet
Xom
Yredelemnul
The Shining One
Beogh
Jiyva

Shops:
D:6 :%*(   D:8 =   D:12 =   Orc:2 =*[(


Innate Abilities, Weirdness & Mutations

You are too large for most types of armour.
You have claws for hands.
Your metabolism is lightning-fast.
You like to eat raw meat.
Your natural rate of healing is unusually fast.
You are covered in fur. (AC +1)
You have very tough skin. (AC +2)
You have a pair of small horns on your head.


Message History

You block the jumping spider's attack. The jumping spider bites you.
Found a scroll of noise and an inconspicuous book.
Found a stone staircase leading down. 3 redbacks come into view.
Okay, then.
You fail to use your ability.
A basket of spiders falls from above!
The jumping spider barely misses you. You block the jumping spider's attack.
The redback bites you! 8 redbacks come into view.
You fail to use your ability.
You feel yourself speed up.
You block the redback's attack. x2; The jumping spider pounces on you!
* * * LOW HITPOINT WARNING * * *
You are caught in a web!
The jumping spider barely misses you. The redback bites you!
* * * LOW HITPOINT WARNING * * *
The redback bites you!
* * * LOW HITPOINT WARNING * * *
The redback barely misses you. The demonic crawler hits you!
You die...

......# #..s#.
....... #.:....
.......#.......
.............#.
.........s.s...
.......sss^s#
......sss.s#
......s@ss.#
..........##
.........#.#
......s... ..
........... ?..
............ ..
............. .
.....>........


You could see a demonic crawler, an orb spider, a jumping spider and 12
redbacks.

Vanquished Creatures
  2 fire giants
  An orc warlord (Orc:2)
  An entropy weaver (Lair:2)
  A dire elephant (Lair:6)
  The ghost of Agrougrou the Blocker, a journeyman FoFi of Okawaru (D:12)
  An ettin (Orc:1)
  The ghost of Shoikan the Basher, a journeyman MiBe of Trog (D:10)
  Erolcha (Orc:1)
  5 hydras
  2 ice dragons (IceCv)
  2 catoblepae
  Urug (D:12)
  A tengu warrior (D:12)
  3 death yaks (Lair:6)
  A deep troll shaman (Lair:6)
  3 orc high priests
  Nergalle (Orc:2)
  2 skeletal warriors (Volcano)
  2 anaconda skeletons (Volcano)
  A deep elf archer (D:11)
  An unseen horror (D:12)
  Pikel (D:8)
  2 hill giants
  10 orc knights
  A wolf spider (Spider:1)
  The ghost of pps the Cutter, a novice HuBe of Trog (D:5)
  4 orc sorcerers
  A cyclops (Orc:1)
  An oklob plant (Lair:5)
  A manticore (D:12)
  3 ugly things
  6 elephants
  3 black mambas
  Psyche (D:12)
  2 ice statues (IceCv)
  7 gargoyles
  12 spiny frogs
  3 rime drakes
  A tengu conjurer (D:12)
  7 komodo dragons
  6 trolls
  A polar bear (Lair:4)
  14 dream sheep (Lair:5)
  5 blink frogs (Lair:4)
  4 slime creatures (D:12)
  2 harpy skeletons (Volcano)
  2 two-headed ogres (D:12)
  9 hippogriffs
  2 flying skulls (Volcano)
  A shadow (D:11)
  2 redbacks (Lair:2)
  A tarantella (Lair:2)
  The ghost of galech the Ruffian, an amateur TrFi (D:3)
  3 alligator skeletons (Volcano)
  48 yaks
  6 wyverns
  2 basilisks (Lair:4)
  Grum (D:9)
  A steam dragon (Lair:3)
  Menkaure (D:5)
  2 vampire mosquitoes (Lair:3)
  9 wargs
  3 mottled dragons
  16 water moccasins
  3 porcupines
  A slave (D:8)
  46 orc warriors
  2 eyes of draining
  21 ice beasts
  5 sky beasts
  Purgy (Sewer)
  12 ogres
  4 black bears
  2 hornet zombies
  5 necrophages (Lair:5)
  21 wolves
  4 phantoms
  7 centaurs
  6 crocodiles
  2 big kobolds
  19 bullfrogs
  3 gnoll sergeants
  6 scorpions
  A wyvern skeleton (D:9)
  8 killer bees
  10 wights (D:9)
  A troll skeleton (Volcano)
  3 electric eels
  2 spriggan skeletons (Volcano)
  A howler monkey (D:10)
  6 crimson imps
  A bullfrog zombie (D:11)
  6 centaur zombies
  2 jellies
  3 centaur skeletons
  A gnoll shaman (D:5)
  30 orc priests
  10 hounds
  51 orc wizards
  5 bullfrog skeletons
  5 iguanas
  10 worker ants
  An ogre zombie (Ossuary)
  A naga skeleton (Volcano)
  2 hound skeletons
  8 mummies
  2 howler monkey skeletons
  27 gnolls
  13 adders
  3 shadow imps
  12 white imps (Lair:5)
  An ooze (D:3)
  2 adder skeletons
  9 adder zombies
  2 worms
  3 dart slugs (D:1)
  6 leopard geckos
  105 orcs
  9 giant cockroaches
  2 gnoll zombies (D:2)
  12 goblins
  3 hobgoblins
  24 jackals
  3 quokkas
  7 ball pythons
  7 bats
  10 frilled lizards
  6 goblin zombies (Ossuary)
  5 hobgoblin zombies (Ossuary)
  8 kobolds
  4 kobold zombies (Ossuary)
  A leopard gecko skeleton (D:4)
  3 quokka zombies (Ossuary)
  5 rats
  2 rat zombies (Ossuary)
  3 bushes
  A fungus (D:2)
881 creatures vanquished.

Vanquished Creatures (others)
  A flying skull (Volcano)
  An orc (Orc:1)
  A bush (Lair:5)
  2 fungi
  A plant (Lair:4)
6 creatures vanquished.

Grand Total: 887 creatures vanquished

Notes
Turn   | Place    | Note
-------+----------+-------------------------------------------
     0 | D:1      | galech the Troll Fighter began the quest for the Orb.
     0 | D:1      | Reached XP level 1. HP: 22/22 MP: 0/0
   187 | D:1      | Reached XP level 2. HP: 6/29 MP: 1/1
   536 | D:1      | Reached XP level 3. HP: 26/36 MP: 2/2
   840 | D:2      | Found a blossoming altar of Fedhas.
   888 | D:2      | Found a hazy altar of Hepliaklqana.
  1003 | D:2      | Found a basalt altar of Yredelemnul.
  1229 | D:2      | Reached XP level 4. HP: 41/44 MP: 3/3
  1376 | D:2      | You fall through a shaft!
  1387 | D:3      | Reached skill level 3 in Unarmed Combat
  1522 | D:3      | Reached XP level 5. HP: 48/53 MP: 4/4
  1636 | D:3      | Found a sparkling altar of Nemelex Xobeh.
  1872 | D:3      | Noticed an ogre
  1879 | D:3      | Killed an ogre
  1879 | D:3      | Reached skill level 4 in Unarmed Combat
  1953 | D:3      | Reached XP level 6. HP: 61/61 MP: 5/5
  2032 | D:3      | Noticed galech's ghost (amateur TrFi)
  2041 | D:3      | Killed galech's ghost
  2053 | D:3      | Reached skill level 5 in Unarmed Combat
  2225 | D:3      | Found a white marble altar of Elyvilon.
  2226 | D:3      | Found an opulent altar of Gozag.
  2226 | D:3      | Found a radiant altar of Vehumet.
  2226 | D:3      | Found a blossoming altar of Fedhas.
  2226 | D:3      | Found a shadowy altar of Dithmenos.
  2226 | D:3      | Found a shimmering altar of Xom.
  2233 | D:3      | Found a glowing golden altar of the Shining One.
  2386 | D:4      | Reached XP level 7. HP: 67/67 MP: 6/6
  2843 | D:4      | Got a bound tin ring
  2847 | D:4      | Identified the ring of Feseuq {*Corrode rPois rF+ Str+6 Stlth-} (You found it on level 4 of the Dungeon)
  2925 | D:4      | Reached skill level 6 in Unarmed Combat
  3395 | D:5      | Entered Level 5 of the Dungeon
  3397 | D:5      | Got a pitted wooden ring
  3399 | D:5      | Identified the ring of the Will of the Gods {*Slow rPois rC+ Str+2 Dex+5 Stlth+} (You found it on level 5 of the Dungeon)
  3424 | D:5      | Noticed Menkaure
  3431 | D:5      | Killed Menkaure
  3431 | D:5      | Reached skill level 5 in Shields
  3431 | D:5      | Reached XP level 8. HP: 75/75 MP: 7/7
  3608 | D:5      | Found a glowing drain.
  3650 | Sewer    | Entered a sewer
  3666 | Sewer    | Noticed Purgy
  3674 | Sewer    | Killed Purgy
  4020 | D:5      | Reached skill level 7 in Unarmed Combat
  4044 | D:5      | Noticed pps's ghost (novice HuBe)
  4052 | D:5      | Killed pps's ghost
  4056 | D:5      | Reached XP level 9. HP: 74/83 MP: 8/8
  4458 | D:6      | Reached skill level 1 in Stealth
  4495 | D:6      | Reached skill level 5 in Dodging
  4512 | D:6      | Reached skill level 8 in Unarmed Combat
  4622 | D:6      | Found an iron altar of Okawaru.
  4631 | D:6      | Became a worshipper of Warmaster Okawaru
  4913 | D:6      | Found Kuatyt's Assorted Antiques.
  4920 | D:6      | Bought an embroidered robe for 167 gold pieces
  5003 | D:6      | Found Geneczocs's Food Shoppe.
  5020 | D:6      | Found Utomazah's Weapon Shoppe.
  5180 | D:6      | Found Kiapp's Book Shoppe.
  5296 | D:7      | Gained mutation: You have sharp toenails. [mutagenic meat]
  5297 | D:7      | Gained mutation: You are dopey. (Int -2) [mutagenic meat]
  5299 | D:7      | Gained mutation: Your spells are a little harder to cast, but a little more powerful. [mutagenic meat]
  5300 | D:7      | Lost mutation: Your spells are a little harder to cast, but a little more powerful. [mutagenic meat]
  5451 | D:8      | Reached * piety under Okawaru
  5451 | D:8      | Reached skill level 9 in Unarmed Combat
  5675 | D:7      | Found a sand-covered staircase.
  5683 | Ossuary  | Entered an ossuary
  6096 | D:7      | Reached XP level 10. HP: 87/92 MP: 9/9
  6099 | D:7      | Reached ** piety under Okawaru
  6179 | D:7      | Gained mutation: You have a pair of small horns on your head. [potion of mutation]
  6179 | D:7      | Gained mutation: You evolve. [potion of mutation]
  6179 | D:7      | Lost mutation: You evolve. [potion of mutation]
  6306 | D:7      | Found a staircase to the Ecumenical Temple.
  6521 | D:8      | Found a bloodstained altar of Trog.
  6618 | D:8      | Found Opixta's Jewellery Boutique.
  6690 | D:8      | Reached skill level 10 in Unarmed Combat
  6699 | D:8      | Noticed Pikel
  6706 | D:8      | Killed Pikel
  6709 | D:8      | Reached *** piety under Okawaru
  7634 | D:9      | Reached **** piety under Okawaru
  7645 | D:9      | Reached XP level 11. HP: 67/100 MP: 10/10
  7648 | D:9      | Reached skill level 11 in Unarmed Combat
  7754 | D:9      | Noticed Grum
  7800 | D:9      | Killed Grum
  7966 | D:9      | Reached ***** piety under Okawaru
  8365 | D:10     | Entered Level 10 of the Dungeon
  8427 | D:10     | Noticed a hill giant
  8449 | D:10     | Killed a hill giant
  8623 | D:10     | Received a gift from Okawaru
  9022 | D:10     | Noticed Shoikan's ghost (journeyman MiBe)
  9032 | D:10     | Killed Shoikan's ghost
  9086 | D:11     | Noticed a brown ugly thing
  9095 | D:11     | Killed a brown ugly thing
  9095 | D:11     | Reached skill level 12 in Unarmed Combat
  9110 | D:11     | Noticed a fire giant
  9111 | D:11     | Noticed a fire giant
  9111 | D:11     | Noticed a deep elf archer
  9228 | D:10     | Killed a fire giant
  9272 | D:11     | Killed a fire giant
  9272 | D:11     | Reached XP level 12. HP: 87/109 MP: 11/11
  9455 | D:11     | Found a sparkling altar of Nemelex Xobeh.
  9478 | D:11     | Reached skill level 13 in Unarmed Combat
  9507 | D:11     | Gained mutation: Your spells are a little easier to cast, but a little less powerful. [mutagenic meat]
  9508 | D:11     | Gained mutation: Your magical capacity is low. (-10% MP) [mutagenic meat]
  9509 | D:11     | Gained mutation: Your body sometimes deteriorates upon taking damage. [mutagenic meat]
  9615 | D:11     | Found a staircase to the Lair.
 10318 | Lair:1   | Entered Level 1 of the Lair of Beasts
 10402 | Lair:1   | Got a steaming robe
 10418 | Lair:1   | Identified the +2 robe "Leangoum" {rElec} (You found it on level 1 of the Lair of Beasts)
 10620 | Lair:1   | Reached skill level 10 in Shields
 11065 | Lair:2   | Found a hole to the Spider Nest.
 11071 | Lair:2   | Received a gift from Okawaru
 11424 | Lair:2   | Lost mutation: You are dopey. (Int -2) [potion of cure mutation]
 11424 | Lair:2   | Lost mutation: Your body sometimes deteriorates upon taking damage. [potion of cure mutation]
 11424 | Lair:2   | Lost mutation: You have sharp toenails. [potion of cure mutation]
 11424 | Lair:2   | Lost mutation: Your spells are a little easier to cast, but a little less powerful. [potion of cure mutation]
 11424 | Lair:2   | Lost mutation: Your magical capacity is low. (-10% MP) [potion of cure mutation]
 11654 | Lair:3   | Found a dark tunnel.
 11671 | Volcano  | Entered a volcano
 11688 | Volcano  | Reached skill level 14 in Unarmed Combat
 11951 | Volcano  | Reached skill level 5 in Fighting
 11951 | Volcano  | Reached XP level 13. HP: 118/118 MP: 9/12
 12769 | Lair:3   | Found a staircase to the Swamp.
 12788 | Lair:3   | Reached ****** piety under Okawaru
 13149 | Lair:4   | Received a gift from Okawaru
 13149 | Lair:4   | Reached skill level 1 in Armour
 13948 | Lair:5   | Found a frozen archway.
 14000 | IceCv    | Entered an ice cave
 14003 | IceCv    | Received a gift from Okawaru
 14031 | IceCv    | Reached skill level 15 in Unarmed Combat
 14529 | Lair:5   | Reached skill level 1 in Invocations
 15378 | Lair:5   | Reached XP level 14. HP: 125/127 MP: 13/13
 15604 | Lair:6   | Entered Level 6 of the Lair of Beasts
 15647 | Lair:6   | Found a staircase to the Slime Pits.
 15647 | Lair:6   | Found a viscous altar of Jiyva.
 15779 | Lair:6   | Received a gift from Okawaru
 16050 | Lair:6   | Reached skill level 16 in Unarmed Combat
 16677 | Lair:6   | HP: 1/127 [14-headed hydra (10)]
 17169 | D:12     | Identified 2 scrolls of acquirement
 17349 | D:12     | Found a staircase to the Orcish Mines.
 17352 | D:12     | Noticed Agrougrou's ghost (journeyman FoFi)
 17386 | D:12     | Killed Agrougrou's ghost
 17537 | D:12     | Noticed Psyche
 17545 | D:12     | Killed Psyche
 17675 | D:12     | Found Yruowoemi's Jewellery Shop.
 17787 | D:12     | Received a gift from Okawaru
 17928 | D:12     | Noticed Urug
 17938 | D:12     | Killed Urug
 18197 | Orc:1    | Entered Level 1 of the Orcish Mines
 18381 | Orc:1    | Noticed Erolcha
 18480 | Orc:1    | Killed Erolcha
 18506 | Orc:1    | Reached XP level 15. HP: 133/133 MP: 15/15
 18617 | Orc:1    | Found a flagged portal.
 18630 | Bailey   | Entered a bailey
 18879 | Bailey   | Found a roughly hewn altar of Beogh.
 19332 | Orc:1    | Received a gift from Okawaru
 19515 | Orc:2    | Entered Level 2 of the Orcish Mines
 20060 | Orc:2    | Reached skill level 17 in Unarmed Combat
 20129 | Orc:2    | Noticed an orc warlord
 20147 | Orc:2    | Killed an orc warlord
 20183 | Orc:2    | Received a gift from Okawaru
 20198 | Orc:2    | Paralysed by an orc sorcerer for 3 turns
 20209 | Orc:2    | Found a roughly hewn altar of Beogh.
 20209 | Orc:2    | Noticed Nergalle
 20235 | Orc:2    | Killed Nergalle
 20316 | Orc:2    | Found Muwkugue's Jewellery Shop.
 20374 | Orc:2    | Found Ykuhor's Antique Armour Shop.
 20436 | Orc:2    | Found Wieho's Antique Weapon Shop.
 20483 | Orc:2    | Found a staircase to the Elven Halls.
 20570 | Orc:2    | Found Asycumap's General Store.
 20576 | Orc:2    | Bought a scroll of identify for 26 gold pieces
 20820 | Spider:1 | Entered Level 1 of the Spider Nest
 20854 | Spider:1 | HP: 4/133 [redback (7)]
 20854 | Spider:1 | Mangled by a demonic crawler

Skill      XL: |  1  2  3  4  5  6  7  8  9 10 11 12 13 14 15 |
---------------+----------------------------------------------+-----
Shields        | 3 4 5 6 7 8 9 10 11 12 13 | 13.1
Dodging        | 3 4 5 6 7 8 9 |  9.6
Unarmed Combat | 3 4 5 6 7 9 10 12 14 15 16 17 | 17.3
Fighting       | 3 4 5 |  5.4
Stealth        | 1 2 3 |  3.3
Armour         | 2 4 |  4.5
Invocations    | 1 |  1.6
Evocations     | |  0.1

Action                   |  1- 3 |  4- 6 |  7- 9 | 10-12 | 13-15 || total
-------------------------+-------+-------+-------+-------+-------++-------
Melee: Unarmed           |   232 |   161 |   472 |   638 |  1155 ||  2658
       Kick              |       |       |    67 |   241 |       ||   308
       Headbutt          |       |       |       |   166 |   321 ||   487
Invok: Heroism           |       |       |       |     2 |    13 ||    15
       Finesse           |       |       |       |       |     3 ||     3
Evoke: Wand              |       |       |       |       |     3 ||     3
  Use: Potion            |       |     1 |       |     2 |     7 ||    10
       Scroll            |       |       |     8 |    21 |    16 ||    45
 Stab: Sleeping          |     1 |       |    13 |     8 |     3 ||    25
  Eat: Chunk             |    17 |    11 |    37 |    58 |    85 ||   208
Armor: Robe              |    33 |    29 |    69 |    59 |    17 ||   207
       Fire dragon scale |       |       |       |       |   165 ||   165
Dodge: Dodged            |    43 |    40 |    76 |   113 |   312 ||   584
Block: Shield            |    47 |    49 |       |       |       ||    96
       Large shield      |       |    56 |   347 |   553 |  1128 ||  2084
